 Dungeon Crawl Stone Soup version 0.30.1-9-gdf580d7c3d (webtiles) character file.

Game seed: 3023553328549662471

8894 Peloso the Carver (level 11, -1/97 HPs)
             Began as a Minotaur Fighter on Sept 30, 2023.
             Was a Believer of Okawaru.
             Slain by a five-headed hydra (5 damage)
             ... on level 9 of the Dungeon.
             The game lasted 00:22:00 (9422 turns).

Peloso the Carver (Minotaur Fighter)                Turns: 9422, Time: 00:22:00

Health: -1/97      AC: 20    Str: 22    XL:     11   Next: 15%
Magic:  0/10       EV:  9    Int:  5    God:    Okawaru [**....]
Gold:   439        SH:  6    Dex: 17    Spells: 10/10 levels left

rFire   . . .        b - +0 whip (flame)
rCold   . . .        d - +0 buckler
rNeg    . . .        q - +0 plate armour
rPois   +            (helmet restricted)
rElec   .            z - +0 cloak
rCorr   .            H - +2 pair of gloves of Raecvicu {rPois Dex+4}
SInv    .            (no boots)
Will    .....        i - amulet of guardian spirit Stlth
                     o - ring of flight
HPRegen 0.36/turn    (no ring)
MPRegen 0.12/turn

%: guardian spirit
@: flying
A: horns 2, retaliatory headbutt
a: Renounce Religion, Heroism


You were on level 9 of the Dungeon.
You worshipped Okawaru.
Okawaru was pleased with you.
You visited 2 branches of the dungeon, and saw 10 of its levels.

You collected 747 gold pieces.
You spent 308 gold pieces at shops.

Inventory:

Hand Weapons
 a - a +3 falchion of freezing
 b - a +0 whip of flaming (weapon)
Armour
 c - a +0 pair of gloves
 d - a +0 buckler (worn)
 l - a +1 chain mail of cold resistance
 q - a +0 plate armour (worn)
 z - a +0 cloak (worn)
 H - the +2 pair of gloves of Raecvicu (worn) {rPois Dex+4}
   (You bought it in a shop on level 7 of the Dungeon)

   Dex:       It affects your dexterity (+4).
   rPois:     It protects you from poison.
Jewellery
 i - an amulet of guardian spirit (around neck)
 o - a ring of flight (left hand)
 y - a ring of willpower
 I - a ring of positive energy
Wands
 m - a wand of digging (6)
 r - a wand of mindburst (2)
 w - a wand of polymorph (10)
 A - a wand of iceblast (7)
 D - a wand of paralysis (6)
 G - a wand of quicksilver (10)
Scrolls
 f - a scroll of fear
 g - a scroll of poison
 j - 4 scrolls of amnesia {unknown}
 k - a scroll of fog
 p - 4 scrolls of noise
 t - 7 scrolls of teleportation {unknown}
 u - a scroll of enchant armour
 E - a scroll of magic mapping {unknown}
 J - 5 scrolls of identify
 K - a scroll of silence {unknown}
Potions
 e - a potion of brilliance
 h - 3 potions of might
 n - 3 potions of mutation
 s - a potion of ambrosia {unknown}
 v - 2 potions of attraction {unknown}
 x - 2 potions of curing
 B - a potion of magic {unknown}
 C - 2 potions of haste {unknown}
 F - 3 potions of heal wounds
 L - 2 potions of berserk rage {unknown}


   Skills:
 + Level 9.4 Fighting
 + Level 12.6 Long Blades
 + Level 0.3 Maces & Flails
 + Level 11.2 Armour
 + Level 5.0 Dodging
 + Level 0.6 Stealth
 + Level 8.3 Shields
 + Level 1.1 Unarmed Combat
 + Level 0.3 Evocations


You had 10 spell levels left.
You didn't know any spells.
Your spell library contained the following spells:

 Spells                   Type           Power      Damage    Failure   Level
 Sandblast                Erth           0%         2d4       100%        1
 Cigotuvi's Dreadful Rot  Necr/Pois/Air  0%         N/A       100%        2
 Ensorcelled Hibernation  Hex/Ice        0%         N/A       100%        2
 Passwall                 Tmut/Erth      0%         N/A       100%        2
 Stone Arrow              Conj/Erth      0%         3d7       100%        3
 Swiftness                Air            0%         N/A       100%        3
 Dispel Undead            Necr           0%         3d6       100%        4
 Lehudib's Crystal Spear  Conj/Erth      0%         10d2      100%        8
 Animate Armour           Summ/Erth      Unusable   N/A       N/A         4
 Death Channel            Necr           Unusable   N/A       N/A         6

Dungeon Overview and Level Annotations

Branches:
Dungeon (9/15)             Temple (1/1) D:5
   Lair: D:8-11         Orc: D:9-12

Altars:
Ashenzari
Cheibriados
Elyvilon
Fedhas
Gozag
Hepliaklqana
Kikubaaqudgha
Makhleb
Nemelex Xobeh
Okawaru
Qazlal
Ru
Sif Muna
Trog
Uskayaw
Vehumet
Wu Jian
Xom
Yredelemnul
Zin

Shops:
D:3 (   D:6 [   D:7 (=[[*   D:8 =

Annotations:
D:6 3 runed translucent doors, fedepesso's ghost, novice GrFi
D:8 3 runed translucent doors, merdmerd's ghost, novice MiBe


Innate Abilities, Weirdness & Mutations

You have a pair of horns on your head.
You reflexively headbutt those who attack you in melee.


Message History

The six-headed hydra closely misses you. x2
The six-headed hydra bites you!
You hit the six-headed hydra. You burn the six-headed hydra.
You headbutt the six-headed hydra!
The six-headed hydra is almost dead.
The six-headed hydra bites you but does no damage. x2
The six-headed hydra completely misses you.
The six-headed hydra barely misses you. The six-headed hydra bites you.
You block the six-headed hydra's attack.
You hit the six-headed hydra. You burn the six-headed hydra.
Your headbutt misses the six-headed hydra.
The six-headed hydra is almost dead.
You block the six-headed hydra's attack.
The six-headed hydra barely misses you. The six-headed hydra bites you.
The six-headed hydra bites you but does no damage.
The six-headed hydra bites you!
* * * LOW HITPOINT WARNING * * *
The six-headed hydra bites you!
* * * LOW HITPOINT WARNING * * *
You hit the six-headed hydra. You burn the six-headed hydra.
You headbutt the six-headed hydra.
You kill the six-headed hydra!
Okawaru is honoured by your kill.
The five-headed hydra bites you but does no damage.
The five-headed hydra bites you!
* * * LOW HITPOINT WARNING * * *
The five-headed hydra completely misses you.
The five-headed hydra bites you.
* * * LOW HITPOINT WARNING * * *
The five-headed hydra bites you but does no damage.
As you read the scroll of fear, it crumbles to dust.
You assume a fearsome visage.
The five-headed hydra easily resists.
The troll looks frightened!
The orc warrior looks frightened!
The kobold brigand looks frightened!
The centaur looks frightened!
The troll looks frightened!
The five-headed hydra misses you. You furiously retaliate!
You headbutt the five-headed hydra.
The five-headed hydra closely misses you.
You block the five-headed hydra's attack.
The five-headed hydra bites you.
You die...

##########..
#...........
#...@##
#...#D####
#...##...#####.
#....#.cT......
#....#..#.....#
#....##.K ####.
#.....#..#
#.....#..#
#.....#..#


You could see a five-headed hydra, a troll (fleeing), a kobold brigand (fleeing)
and a centaur (fleeing).

Vanquished Creatures
  A hydra (D:9)
  Pikel (D:4)
  A cyclops (D:6)
  Grinder (D:3)
  Sigmund (D:2)
  2 wyverns
  6 yaks (D:9)
  Eustachio (D:5)
  A steam dragon (D:7)
  Menkaure (D:5)
  2 acid dragons (D:9)
  Edmund (D:4)
  A water moccasin (D:9)
  6 orc warriors
  A black bear (D:7)
  An ice beast (D:7)
  12 ogres
  2 centaurs
  A lemure (D:5)
  A phantom (D:7)
  5 kobold brigands
  4 bullfrogs
  2 scorpions
  A gnoll sergeant (D:6)
  8 wights
  8 howler monkeys
  11 orc priests
  15 hounds
  2 gnoll boudas (D:6)
  2 jellies
  Ijyb (D:5)
  Natasha (thrice) (D:3)
  2 iguanas
  7 orc wizards
  2 sleepcaps
  Terence (D:3)
  Robin (D:3)
  13 gnolls (D:6)
  7 adders
  A shadow imp (D:6)
  A white imp (D:7)
  2 ufetubi
  A worm (D:6)
  3 dart slugs
  33 orcs
  5 bats
  9 endoplasms
  5 giant cockroaches
  16 goblins
  11 hobgoblins
  5 jackals
  4 quokkas
  9 ball pythons
  5 frilled lizards
  12 kobolds
  9 rats
  A spectral kobold (D:1)
271 creatures vanquished.

Vanquished Creatures (others)
  A gnoll (D:6)
  A butterfly (D:3)
2 creatures vanquished.

Grand Total: 273 creatures vanquished

Notes
Turn   | Place    | Note
-------+----------+-------------------------------------------
     0 | D:1      | Peloso the Minotaur Fighter began the quest for the Orb.
     0 | D:1      | Reached XP level 1. HP: 19/19 MP: 0/0
   180 | D:1      | Reached XP level 2. HP: 25/27 MP: 1/1
   468 | D:1      | Found a faded altar of an unknown god.
   509 | D:1      | Reached skill level 3 in Long Blades
   535 | D:1      | Reached XP level 3. HP: 32/32 MP: 2/2
  1209 | D:2      | Noticed Sigmund
  1379 | D:3      | Reached XP level 4. HP: 16/40 MP: 3/3
  1382 | D:3      | Reached skill level 4 in Long Blades
  1489 | D:3      | Noticed Robin
  1500 | D:3      | Killed Robin
  1545 | D:3      | Noticed Terence
  1551 | D:3      | Killed Terence
  1552 | D:3      | Reached skill level 1 in Dodging
  1595 | D:3      | Noticed Grinder
  1611 | D:3      | HP: 1/40 [Grinder/nerve-wracking pain (12)]
  1619 | D:3      | Killed Grinder
  1620 | D:3      | Reached skill level 5 in Long Blades
  1620 | D:3      | Reached skill level 5 in Armour
  1620 | D:3      | Reached XP level 5. HP: 7/47 MP: 1/4
  1620 | D:3      | Reached XP level 6. HP: 8/53 MP: 1/5
  1857 | D:3      | Noticed Natasha
  1870 | D:3      | Killed Natasha
  2113 | D:3      | Found a transporter.
  2115 | D:3      | Found Miastic's Antique Weapon Shoppe.
  2156 | D:3      | Noticed Natasha
  2178 | D:3      | Killed Natasha
  2285 | D:3      | Found a white marble altar of Elyvilon.
  2411 | D:3      | Found a transporter.
  2440 | D:3      | Noticed Natasha
  2447 | D:3      | Killed Natasha
  2703 | D:4      | Reached skill level 6 in Long Blades
  2760 | D:4      | Reached XP level 7. HP: 59/60 MP: 6/6
  2832 | D:4      | Noticed Edmund
  2845 | D:4      | Killed Edmund
  2846 | D:4      | Reached skill level 5 in Fighting
  3125 | D:4      | Found a hazy altar of Hepliaklqana.
  3227 | D:4      | Reached skill level 7 in Long Blades
  3684 | D:2      | Killed Sigmund
  3685 | D:2      | Reached skill level 5 in Shields
  3685 | D:2      | Reached XP level 8. HP: 66/69 MP: 7/7
  4126 | D:5      | Entered Level 5 of the Dungeon
  4182 | D:5      | Noticed Eustachio
  4253 | D:5      | Killed Eustachio
  4254 | D:5      | Reached skill level 8 in Long Blades
  4296 | D:5      | Found a snail-covered altar of Cheibriados.
  4522 | D:5      | Noticed Pikel
  4585 | D:4      | Killed Pikel
  4586 | D:4      | Reached skill level 9 in Long Blades
  4609 | D:5      | Found a shimmering altar of Xom.
  4616 | D:5      | Reached skill level 1 in Unarmed Combat
  4664 | D:5      | Found a staircase to the Ecumenical Temple.
  4708 | Temple   | Entered the Ecumenical Temple
  5022 | D:5      | Reached XP level 9. HP: 78/78 MP: 8/8
  5025 | D:5      | Noticed Menkaure
  5036 | D:5      | Killed Menkaure
  5334 | D:5      | Noticed Ijyb
  5367 | D:5      | Killed Ijyb
  5418 | D:6      | Found Geeggubu's Antique Armour Shop.
  5485 | D:6      | Found a runed translucent gate.
  5485 | D:6      | Found a runed translucent gate.
  5485 | D:6      | Found a runed translucent gate.
  5485 | D:6      | Noticed fedepesso's ghost (novice GrFi)
  5947 | D:6      | Reached skill level 10 in Long Blades
  5960 | D:6      | HP: 4/80 [poisoned by a scorpion]
  5965 | D:6      | HP: 1/80 [poisoned by a scorpion]
  6425 | D:6      | Noticed a moth of wrath
  6427 | D:6      | Found a bloodstained altar of Trog.
  6559 | D:6      | Reached XP level 10. HP: 48/88 MP: 4/9
  6901 | D:6      | Noticed a cyclops
  6919 | D:6      | Killed a cyclops
  6920 | D:6      | Reached skill level 11 in Long Blades
  7431 | D:7      | Reached skill level 10 in Armour
  7526 | D:7      | Found Gaiwk's Antique Weapon Emporium.
  7562 | D:7      | Found Zacoy's Antique Armour Boutique.
  7595 | D:7      | Found an ancient bone altar of Kikubaaqudgha.
  7611 | D:7      | Found Tifess's Jewellery Shoppe.
  7933 | D:7      | Found Puju's Antique Armour Boutique.
  7939 | D:7      | Bought a pair of bloodstained gloves for 256 gold pieces
  7939 | D:7      | Identified the +2 pair of gloves of Raecvicu {rPois Dex+4}
                  | (You bought it in a shop on level 7 of the Dungeon)
  8027 | D:7      | Found Qoushug's Assorted Antiques.
  8036 | D:7      | Bought a scroll labelled ONOLOS RIENAER for 26 gold pieces
  8036 | D:7      | Bought a scroll labelled VEATIF COITURCHUF for 26 gold
                  | pieces
  8369 | D:8      | Found a hide-covered altar of Uskayaw.
  8562 | D:8      | Found a runed translucent gate.
  8564 | D:8      | Found a runed translucent gate.
  8565 | D:8      | Found a runed translucent gate.
  8565 | D:8      | Found an opulent altar of Gozag.
  8567 | D:8      | Noticed merdmerd's ghost (novice MiBe)
  8689 | D:8      | Found Hiefora's Jewellery Shoppe.
  8814 | D:8      | Reached skill level 12 in Long Blades
  8833 | D:8      | Found an iron altar of Okawaru.
  8848 | D:8      | Became a worshipper of Warmaster Okawaru
  9271 | D:9      | Reached * piety under Okawaru
  9272 | D:9      | Reached XP level 11. HP: 90/97 MP: 8/10
  9399 | D:9      | Noticed a six-headed hydra
  9399 | D:9      | Noticed a five-headed hydra
  9407 | D:9      | Reached skill level 5 in Dodging
  9421 | D:9      | Killed a six-headed hydra
  9421 | D:9      | Reached ** piety under Okawaru
  9421 | D:9      | HP: 4/97 [five-headed hydra (2)]
  9422 | D:9      | Slain by a five-headed hydra

Illustrated notes

Levels and vault maps discovered:
D:1:      lightli_molten_gateway, layout_basic,
          dreamdust_ecumenical_altar_drowned_temple, minmay_vboxes
D:2:      layout_rooms, serial_curves, eino_curves_03, eino_curves_02,
          eino_curves_03, eino_curves_01, uniq_sigmund
D:3:      layout_loops_ring, nicolae_elyvilon_peaceful_grove, serial_shops,
          nicolae_shop_drivethru, uniq_robin, uniq_grinder, uniq_natasha,
          uniq_terence
D:4:      layout_loops_ring, amcnicky_altar_gilded, minmay_box_of_dots,
          uniq_edmund
D:5:      layout_gridville, mainiacjoe_overflow_24_doors,
          kennysheep_slug_shrine, minmay_temple_entry_trees, uniq_ijyb,
          uniq_eustachio, uniq_pikel, uniq_menkaure
D:6:      lemuel_castle_with_subvaults [lemuel_castle_interior_carwin_1],
          layout_loops_ring, tgw_trog, ebering_ghost_rock_garden, serial_shops,
          shop, minivault_22, minmay_holes, uniq_duvessa
D:7:      layout_loops_corners, kennysheep_mini_moat, serial_shops, shop,
          nicolae_diamond_shop, shop, nicolae_shop_tiny_real_fake_doors,
          nicolae_shop_hallway_plus, minmay_fractal_squares_gapless_5
D:8:      layout_gridville, kennysheep_okawaru_gauntlet,
          mainiacjoe_overflow_six_doors_small, ebering_ghost_gozag,
          serial_shops, shop
D:9:      layout_roguey, mainiacjoe_overflow_cross_hatched,
          kennysheep_another_room, minmay_stone_trees_small,
          minmay_pinched_square
Temple:   minmay_temple_bridge_abc

Skill      XL: |  1  2  3  4  5  6  7  8  9 10 11 |
---------------+----------------------------------+-----
Shields        | 4 5 6 7 8 |  8.3
Armour         | 4 5 6 7 9 11 | 11.2
Long Blades    | 3 5 6 7 9 10 12 | 12.6
Fighting       | 4 5 6 7 9 |  9.4
Dodging        | 1 2 3 4 5 |  5.0
Unarmed Combat | 1 |  1.1
Maces & Flails | |  0.3
Stealth        | |  0.6
Evocations     | |  0.3

Action                     |  1- 3 |  4- 6 |  7- 9 | 10-12 || total
---------------------------+-------+-------+-------+-------++-------
  Melee: Long sword        |   119 |    98 |   211 |       ||   428
         Headbutt          |    13 |    17 |    85 |    85 ||   200
         Unarmed           |       |       |     6 |       ||     6
         Falchion          |       |       |   157 |   312 ||   469
         Whip              |       |       |       |     9 ||     9
  Evoke: Wand              |       |       |       |     6 ||     6
    Use: Potion            |     2 |     2 |     1 |       ||     5
         Scroll            |     1 |       |     8 |     1 ||    10
 Armour: Scale mail        |    78 |     6 |       |       ||    84
         Chain mail        |       |    45 |   170 |       ||   215
         Skin              |       |       |     4 |       ||     4
         Plate armour      |       |       |    11 |   170 ||   181
  Dodge: Dodged            |    69 |    40 |   186 |   106 ||   401
  Block: Buckler           |    27 |    16 |   110 |    80 ||   233
